 Dungeon Crawl Stone Soup version 0.31-a0-188-g5e087ee2ca (webtiles) character file.

Game seed: 10104130199267199438

770 qw the Skirmisher (level 7, -1/40 HPs)
             Began as a Deep Elf Hunter on June 23, 2023.
             Slain by a gnoll
             ... wielding a +0 whip
             ... led by a gnoll bouda
              (2 damage)
             ... on level 5 of the Dungeon.
             The game lasted 00:01:43 (3652 turns).

qw the Skirmisher (Deep Elf Hunter)                 Turns: 3652, Time: 00:01:44

Health: -1/40      AC:  7    Str: 10    XL:     7   Next: 53%
Magic:  9/9        EV: 14    Int: 14    God:
Gold:   118        SH:  0    Dex: 24    Spells: 6/6 levels left

rFire   . . .        Y - +0 shortbow
rCold   . . .        (shield currently unavailable)
rNeg    . . .        i - +1 leather armour {Will+}
rPois   .            (no helmet)
rElec   .            (no cloak)
rCorr   .            b - +2 pair of gloves
SInv    .            (no boots)
Will    +....        (no amulet)
Stlth   ++           a - +6 ring of dexterity
HPRegen 0.26/turn    (no ring)
MPRegen 0.11/turn

%: no passive effects
@: no status effects
A: no striking features
a: no special abilities


You were on level 5 of the Dungeon.
You visited 2 branches of the dungeon, and saw 6 of its levels.

You collected 272 gold pieces.
You spent 154 gold pieces at shops.


   Skills:
 - Level 2.0 Fighting
 - Level 11.3 Ranged Weapons
 + Level 4.3 Dodging
 - Level 1.2 Stealth


You had 6 spell levels left.
You didn't know any spells.
Your spell library was empty.

Inventory:

Hand Weapons
 Y - a +0 shortbow (weapon)
Armour
 b - a +2 pair of gloves (worn)
 i - a +1 leather armour of willpower (worn)
 j - a +0 ring mail
Jewellery
 a - a +6 ring of dexterity (left hand)
Scrolls
 g - 4 scrolls of identify
 h - a scroll of enchant armour
 l - a scroll of teleportation {unknown}
Potions
 c - a potion of degeneration {unknown}
 d - a potion of mutation
 e - a potion of curing
 k - a potion of haste {unknown}

Dungeon Overview and Level Annotations

Branches:
Dungeon (5/15)             Temple (1/1) D:4

Altars:
Ashenzari
Dithmenos
Elyvilon
Fedhas
Gozag
Hepliaklqana
Kikubaaqudgha
Makhleb
Nemelex Xobeh
Qazlal
Ru
Sif Muna
Uskayaw
Vehumet
Wu Jian
Zin

Shops:
D:4 *


Message History

The arrow hits the quokka.
You kill the quokka!
The gnoll hits you but does no damage.
The gnoll bouda hits you but does no damage.
The gnoll closely misses you.
You shoot an arrow.
The arrow hits the gnoll bouda but does no damage.
The gnoll hits you with a +0 whip! The gnoll bouda barely misses you.
The gnoll misses you.
3646 ||| DRINKING potion of heal wounds.
You feel much better.
The gnoll is no longer moving quickly.
The gnoll closely misses you.
The gnoll bouda barks out a call to the hunt!
The gnoll picks up the pace!
The gnoll barely misses you.
You shoot an arrow.
The arrow hits the gnoll bouda but does no damage.
The gnoll barely misses you.
The gnoll bouda hits you but does no damage.
You shoot an arrow.
The arrow closely misses the gnoll bouda.
The gnoll is no longer moving quickly.
The gnoll completely misses you. The gnoll closely misses you.
The gnoll bouda hits you with a +0 club.
You shoot an arrow.
The arrow closely misses the gnoll bouda.
The gnoll hits you from afar with a +0 halberd.
The gnoll hits you with a +0 whip. The gnoll bouda closely misses you.
You shoot an arrow.
The arrow completely misses the gnoll bouda.
The gnoll misses you. The gnoll hits you with a +0 whip.
You shoot an arrow.
The arrow barely misses the gnoll bouda.
The gnoll bouda hits you with a +0 club.
The gnoll barely misses you.
You shoot an arrow. The arrow hits the gnoll bouda!
The gnoll bouda is heavily wounded.
Your attacks no longer feel as feeble.
The gnoll hits you with a +0 whip.
You die...

##.......###
##..........#
##..[........#
.##..........:.
.............#
.............#
.....gg......###
.....%g@.[.....## .##.
....#..####......## ...
#... ##. #........# ..#
... # #.# ##......##
#..##.. .###..##.......#
..#.. #.##........#.....
.#
#...##.....##.....###...
.###.................#
...
.....................#
..


You could see a gnoll bouda and 2 gnolls.

Vanquished Creatures
  2 black bears (D:5)
  A scorpion (D:5)
  A hound (D:4)
  3 orc priests
  2 jellies (D:4)
  Ijyb (D:4)
  2 iguanas
  3 orc wizards
  2 gnolls (D:5)
  4 adders
  2 worms
  3 dart slugs
  17 orcs
  4 ball pythons
  4 endoplasms
  5 giant cockroaches
  9 goblins
  11 hobgoblins
  10 jackals
  6 quokkas
  9 bats
  8 frilled lizards
  10 kobolds
  7 rats
126 creatures vanquished.

Notes
Turn   | Place    | Note
-------+----------+-------------------------------------------
     0 | D:1      | qw the Deep Elf Hunter began the quest for the Orb.
     0 | D:1      | Reached XP level 1. HP: 12/12 MP: 3/3
     0 | D:1      | 0 ||| qw: Version: 0.3-a-9-g12657ce
     0 | D:1      | 0 ||| qw: Game counter: 3504
     0 | D:1      | 0 ||| qw: Always use a shield: true
     0 | D:1      | 0 ||| qw: God list: Okawaru
     0 | D:1      | 0 ||| qw: Allow faded altars: false
     0 | D:1      | 0 ||| qw: Do Orc after D:15 true
     0 | D:1      | 0 ||| qw: Do second Lair branch before Depths: true
     0 | D:1      | 0 ||| qw: Lair rune preference: random
     0 | D:1      | 0 ||| qw: Plans: Normal
     0 | D:1      | 0 ||| PLANNING D:1-11
    30 | D:1      | Found a faded altar of an unknown god.
    54 | D:1      | Reached XP level 2. HP: 16/16 MP: 4/4
    96 | D:1      | Reached skill level 6 in Ranged Weapons
   436 | D:1      | Reached XP level 3. HP: 20/20 MP: 5/5
   544 | D:1      | 544 ||| READING 2 scrolls labelled SEULUS VEGUUT.
   545 | D:1      | 545 ||| READING scroll labelled GEASOLUMIV.
   546 | D:1      | 546 ||| READING scroll labelled BUUSOY INNAEN.
   547 | D:1      | 547 ||| READING scroll labelled SATUM YGUSYAN.
   548 | D:1      | 548 ||| DROPPING scroll of butterflies.
   688 | D:2      | 688 ||| FLEEEEING.
   689 | D:2      | 689 ||| FLEEEEING.
   715 | D:2      | You fall into a shaft and drop 2 floors!
   732 | D:4      | Reached skill level 7 in Ranged Weapons
   863 | D:4      | 863 ||| UPGRADING to +0 pair of gloves.
   868 | D:4      | 868 ||| READING scroll of enchant armour.
   868 | D:4      | 868 ||| ENCHANTING +0 pair of gloves.
   869 | D:4      | 869 ||| READING scroll labelled FIGHIM ABEDD.
   875 | D:4      | 875 ||| FLEEEEING.
   876 | D:4      | 876 ||| FLEEEEING.
   877 | D:4      | 877 ||| STAIRDANCE
   928 | D:3      | Reached XP level 4. HP: 25/25 MP: 6/6
   968 | D:3      | 968 ||| UPGRADING to +6 ring of dexterity.
   969 | D:3      | 969 ||| DRINKING 3 white potions.
   970 | D:3      | 970 ||| DROPPING 2 potions of attraction.
  1124 | D:2      | Reached skill level 3 in Dodging
  1690 | D:2      | 1690 ||| READING scroll labelled OMEGAXZOESI.
  1719 | D:3      | 1719 ||| FLEEEEING.
  1721 | D:3      | 1721 ||| STAIRDANCE
  1782 | D:3      | 1782 ||| STAIRDANCE
  1855 | D:3      | 1855 ||| STAIRDANCE
  1893 | D:3      | Reached skill level 8 in Ranged Weapons
  1914 | D:3      | Reached XP level 5. HP: 25/29 MP: 7/7
  1948 | D:3      | 1948 ||| READING scroll of enchant armour.
  1948 | D:3      | 1948 ||| ENCHANTING +1 pair of gloves.
  2454 | D:3      | Found an ornate altar of the Wu Jian Council.
  2528 | D:3      | 2528 ||| DRINKING 2 brown potions.
  2529 | D:3      | 2529 ||| DRINKING 2 dark potions.
  2530 | D:3      | 2530 ||| DROPPING potion of brilliance.
  2555 | D:4      | 2555 ||| STAIRDANCE
  2637 | D:4      | Found Byw Dib's General Store.
  2641 | D:4      | 2641 ||| SHOPLISTING +4 ring of protection (396 gold, have
                  | 199).
  2641 | D:4      | 2641 ||| BUYING potion of mutation (88 gold).
  2641 | D:4      | Bought a potion of mutation for 88 gold pieces
  2641 | D:4      | 2641 ||| BUYING scroll of identify (22 gold).
  2641 | D:4      | Bought a scroll of identify for 22 gold pieces
  2641 | D:4      | 2641 ||| BUYING scroll of identify (22 gold).
  2641 | D:4      | Bought a scroll of identify for 22 gold pieces
  2641 | D:4      | 2641 ||| BUYING scroll of identify (22 gold).
  2641 | D:4      | Bought a scroll of identify for 22 gold pieces
  2690 | D:4      | Reached skill level 9 in Ranged Weapons
  2788 | D:4      | 2788 ||| FLEEEEING.
  2789 | D:4      | 2789 ||| FLEEEEING.
  2792 | D:4      | 2792 ||| STAIRDANCE
  2820 | D:3      | 2820 ||| READING 3 scrolls of identify.
  2820 | D:3      | 2820 ||| IDENTIFYING amethyst potion
  2866 | D:4      | Reached XP level 6. HP: 35/35 MP: 8/8
  2999 | D:4      | Found a staircase to the Ecumenical Temple.
  3000 | D:4      | 3000 ||| PLANNING TEMPLE
  3005 | Temple   | Entered the Ecumenical Temple
  3116 | Temple   | 3116 ||| PLANNING D:1-11
  3133 | D:4      | Found an opulent altar of Gozag.
  3229 | D:5      | Entered Level 5 of the Dungeon
  3229 | D:5      | Noticed Ijyb
  3231 | D:5      | 3231 ||| STAIRDANCE
  3314 | D:5      | 3314 ||| STAIRDANCE
  3320 | D:4      | Killed Ijyb
  3368 | D:4      | 3368 ||| UPGRADING to +1 leather armour of willpower.
  3378 | D:4      | 3378 ||| DROPPING +0 leather armour.
  3420 | D:5      | Reached skill level 10 in Ranged Weapons
  3502 | D:5      | Reached XP level 7. HP: 40/40 MP: 9/9
  3532 | D:5      | Reached skill level 11 in Ranged Weapons
  3645 | D:5      | HP: 6/40 [gnoll/+0 whip[a gnoll bouda] (8)]
  3646 | D:5      | 3646 ||| DRINKING potion of heal wounds.
  3650 | D:5      | HP: 5/40 [gnoll/+0 whip[a gnoll bouda] (6)]
  3651 | D:5      | HP: 1/40 [gnoll bouda/+0 club (4)]
  3652 | D:5      | Slain by a gnoll

Levels and vault maps discovered:
D:1:      lightli_arrival_chessboard, layout_rooms,
          shapermc_ecumenical_altar_venn, nicolae_wormholes
D:2:      layout_basic
D:3:      layout_loops_cross, mainiacjoe_overflow_alcove_4
D:4:      layout_loops_cross, nicolae_gozag_cash_rules_everything_around_me,
          minmay_temple_entry_enclosed_plants, serial_glass, glass_columns_b,
          glass_columns_a, serial_shops, shop
D:5:      layout_cave_pools, uniq_crazy_yiuf_cottage, uniq_ijyb
Temple:   nicolae_temple_two_arcs

Skill      XL: |  1  2  3  4  5  6  7 |
---------------+----------------------+-----
Ranged Weapons | 6 7 8 9 10 11 | 11.3
Dodging        | 3 4 |  4.3
Fighting       | 2 |  2.0
Stealth        | |  1.2

Action                     |  1- 3 |  4- 6 |  7- 9 || total
---------------------------+-------+-------+-------++-------
   Fire: Shortbow          |   127 |   232 |    46 ||   405
    Use: Scroll            |     6 |     3 |       ||     9
         Potion            |       |     3 |     1 ||     4
 Armour: Leather armour    |    14 |    32 |     7 ||    53
  Dodge: Dodged            |    25 |    59 |    31 ||   115

Table legend:
 A = Non-vault XP
 B = Vault XP
 C = Vault XP percentage of total XP
 D = Non-vault monster count
 E = Vault monster count
 F = Vault count percentage of total count
                 A         B        C        D         E       F
            +---------+---------+-------+---------+---------+-------
      Total |    1060 |      41 |   3.7 |     124 |       2 |   1.6
            +---------+---------+-------+---------+---------+-------
        D:1 |      37 |       5 |  11.9 |      25 |       1 |   3.8
        D:2 |      53 |       0 |   0.0 |      30 |       0 |   0.0
        D:3 |     147 |       0 |   0.0 |      29 |       0 |   0.0
        D:4 |     255 |      36 |  12.4 |      21 |       1 |   4.5
        D:5 |     568 |       0 |   0.0 |      19 |       0 |   0.0
            +---------+---------+-------+---------+---------+-------
